AoeStats
← the shy

Arena

503796258Analyzed
4v4 RM · 1mo ago on Sep 2, 2026· 36m 36s· 8 players
Game mode
Random Map
Map size
Large (8 player)
Population
200
Speed
Normal
Resources
Standard
Victory
Conquest
Starting age
Dark Age
Ending age
Imperial Age
RankedLock teamsTeams togetherTeam positionsShared explorationLock speedFull tech treeHidden civsTurbo modeCheats
Victory
Defeat
🇩🇰 Romans · Denmark
1790
+11
🇩🇪 Bohemians · Germany
1781
+12
🇩🇪 Khmer · Germany
1743
+13
🇨🇳 Huns · China
1571
+21
🇻🇳 Inca · Vietnam
1697
-15
🇨🇳 Turks · China
1688
-14
🇨🇳 Japanese · China
1686
-14
🇦🇷 Britons · Argentina
1670
-14
回忆里太多好
10:47 Feudal Age
11:31 Double-Bit Axe
14:27 Castle Age
12:27 Horse Collar
15:20 Bow Saw
16:16 Heavy Plow
19:54 Wheelbarrow
21:08 Squires
22:38 Hand Cart
22:10 Town Watch
22:45 Pikeman
23:37 Loom
26:12 Scale Mail Armor
26:23 Forging
26:46 Fletching
30:13 Imperial Age
29:32 Bodkin Arrow
31:03 Chain Mail Armor
31:23 Iron Casting
31:17 Conscription
30:25 Capped Ram
32:37 Two-Man Saw
31:35 Halberdier
32:48 Plate Mail Armor
33:13 Onager
36:44 Bracer
37:45 Blast Furnace
81danchoi
10:01 Feudal Age
14:17 Castle Age
12:06 Double-Bit Axe
12:34 Horse Collar
16:00 Bow Saw
24:48 Fletching
24:44 Loom
mesa
10:30 Feudal Age
14:28 Castle Age
12:20 Double-Bit Axe
12:21 Horse Collar
15:58 Bow Saw
21:57 Loom
22:37 Scale Barding Armor
33:23 Wheelbarrow
knight_0701
11:13 Feudal Age
15:34 Castle Age
13:50 Double-Bit Axe
14:22 Horse Collar
19:20 Bow Saw
19:01 Loom
22:29 Heavy Plow
25:17 Fletching
26:01 Ballistics
30:06 Imperial Age
27:43 Bodkin Arrow
28:39 Padded Archer Armor
30:00 Pikeman
30:41 Squires
30:39 Halberdier
32:27 Two-Man Saw
32:00 Scale Mail Armor
32:32 Forging
32:43 Conscription
33:46 Chain Mail Armor
34:45 Bracer
daumasson
11:41 Feudal Age
14:29 Castle Age
12:16 Double-Bit Axe
12:34 Horse Collar
15:39 Bloodlines
19:25 Wheelbarrow
19:40 Scale Barding Armor
21:31 Forging
22:57 Hand Cart
22:27 Loom
24:02 Husbandry
24:02 Gold Mining
24:35 Bow Saw
24:35 Heavy Plow
25:53 Town Watch
30:13 Imperial Age
28:22 Chain Barding Armor
29:33 Stone Mining
31:32 Plate Barding Armor
32:02 Iron Casting
31:38 Elite Battle Elephant
33:37 Gold Shaft Mining
36:53 Conscription
36:49 Tusk Swords
billy bad beat
7:22 Loom
10:56 Feudal Age
14:32 Castle Age
12:22 Double-Bit Axe
15:07 Horse Collar
16:14 Town Watch
18:58 Redemption
20:08 Fervor
20:20 Sanctity
24:15 Fletching
27:39 Bow Saw
CristinaLover
10:26 Feudal Age
14:05 Castle Age
12:26 Double-Bit Axe
13:04 Gold Mining
15:17 Bow Saw
20:58 Wheelbarrow
21:07 Horse Collar
23:38 Heavy Plow
27:05 Gold Shaft Mining
26:22 Stone Mining
28:51 Ballistics
28:48 Loom
30:29 Gold Shaft Mining
33:29 Imperial Age
32:40 Hand Cart
33:28 Ballistas
34:27 Siege Engineers
35:24 Chemistry
34:42 Heavy Scorpion
34:51 Heavy Scorpion
34:54 Capped Ram
the shy
10:18 Feudal Age
14:49 Castle Age
12:59 Horse Collar
13:23 Double-Bit Axe
15:52 Bow Saw
22:16 Wheelbarrow
27:26 Imperial Age
24:48 Loom
25:36 Heavy Plow
25:48 Husbandry
25:59 Bloodlines
26:23 Scale Barding Armor
26:28 Forging
27:34 Chain Barding Armor
28:20 Hand Cart
27:52 Elite Tarkan
28:34 Marauders
30:48 Plate Barding Armor
30:48 Iron Casting
31:06 Conscription
31:34 Gold Mining
34:17 Blast Furnace
33:57 Gold Shaft Mining
34:00 Ballistics
33:35 Fletching
33:40 Stone Mining
34:53 Two-Man Saw
36:29 Heavy Cavalry Archer
37:34 Parthian Tactics
37:08 Bodkin Arrow
Connection lost

Rejoining the realm…

Still unreachable

The connection could not be restored.

Session expired

The server has moved on; the page needs a fresh start.